 Dungeon Crawl Stone Soup version 0.19.0-20-gbc5f0c6 (webtiles) character file.

290 markt42 the Chopper (level 6, -4/53 HPs)
             Began as a Hill Orc Fighter on Nov 16, 2016.
             Slain by an ogre
             ... wielding a cursed -1 giant club
              (22 damage)
             ... on level 4 of the Dungeon.
             The game lasted 00:03:42 (3235 turns).

markt42 the Chopper (Hill Orc Fighter)              Turns: 3235, Time: 00:03:43

Health: -4/53      AC:  9    Str: 21    XL:     6   Next: 32%
Magic:  6/6        EV:  5    Int:  8    God:
Gold:   99         SH:  9    Dex: 10    Spells: 0 memorised, 5 levels left

rFire  x . .     SeeInvis .     a - +0 war axe
rCold  + . .     Gourm    .     j - +0 chain mail
rNeg   . . .     Faith    .     c - +0 shield
rPois  .         Spirit   .     (no helmet)
rElec  .         Reflect  .     (no cloak)
rCorr  .         Harm     .     (no gloves)
MR     .....                    (no boots)
Stlth  ..........               (no amulet)
                                (no ring)
                                v - ring of ice

@: no status effects
A: no striking features
a: no special abilities


You were on level 4 of the Dungeon.
You were not hungry.

You visited 1 branch of the dungeon, and saw 4 of its levels.

You collected 99 gold pieces.

Inventory:

Hand Weapons
 a - a +0 war axe (weapon)
Armour
 c - a +0 shield (worn)
 j - a +0 chain mail (worn)
Jewellery
 v - a ring of ice (left hand)
Scrolls
 e - a scroll of fog {unknown}
 h - 3 scrolls of identify {unknown}
 i - a scroll of magic mapping {unknown}
 k - a scroll of remove curse {unknown}
 l - 2 scrolls of blinking {unknown}
 m - 2 scrolls of teleportation {unknown}
 p - a scroll of enchant armour {unknown}
 r - a scroll of torment {unknown}
 s - 2 scrolls of enchant weapon {unknown}
Potions
 d - a potion of might
 g - a potion of resistance {unknown}
 n - a potion of curing {unknown}
 o - 3 potions of degeneration {unknown}
 t - 2 potions of heal wounds {unknown}
 u - a potion of magic {unknown}
Comestibles
 b - a beef jerky
 f - 5 bread rations
 q - 2 meat rations
 w - a chunk of flesh


   Skills:
 + Level 4.4 Fighting
 * Level 6.2 Axes
 + Level 4.2 Armour
 + Level 0.4 Dodging
 + Level 4.4 Shields


You had 5 spell levels left.
You didn't know any spells.

Dungeon Overview and Level Annotations

Branches:
Dungeon (4/15)
 Temple: D:4-7

Altars:

Annotations:
D:4 DEFE's ghost, amateur CeHu


Message History

The adder is lightly wounded.
The adder completely misses you.
You slash the adder!
You kill the adder!
No target in view!
No target in view!
You feel sick.
You are no longer poisoned.
HP restored.
You enter a teleport trap!
The teleport trap disappears.
Your surroundings suddenly seem different.
An ogre comes into view. It is wielding a giant club.
The ogre shouts!
The ogre hits you with a giant club!
You barely miss the ogre. The ogre hits you with a giant club!!
You barely miss the ogre. You block the ogre's attack.
You hit the ogre.
The ogre is moderately wounded.
The ogre hits you with a giant club!!
You die...

................#####....#
.............#### ##.####
............## #..##
...........## ##.#.#
###......... ##.#### ....
#..# #... ##.## #...##..#
#...@.## ##.O..# #....#
#....# ...... ........
....##..# ..... ...


You could see an ogre.

Vanquished Creatures
  A scorpion (D:4)
  A hound (D:3)
  A worker ant (D:4)
  A gnoll (D:1)
  6 adders
  An ooze (D:3)
  3 worms
  2 dart slugs (D:2)
  A leopard gecko (D:4)
  13 orcs (D:3)
  3 ball pythons
  6 giant cockroaches
  6 goblins
  10 hobgoblins
  10 jackals
  9 kobolds
  A quokka (D:3)
  5 bats
  3 frilled lizards
  4 rats
87 creatures vanquished.

Notes
Turn   | Place    | Note
-------+----------+-------------------------------------------
     0 | D:1      | markt42 the Hill Orc Fighter began the quest for the Orb.
     0 | D:1      | Reached XP level 1. HP: 19/19 MP: 1/1
    26 | D:1      | Reached skill level 3 in Axes
    26 | D:1      | Reached XP level 2. HP: 6/27 MP: 2/2
   382 | D:1      | Reached XP level 3. HP: 15/33 MP: 3/3
  1435 | D:2      | Reached XP level 4. HP: 36/40 MP: 4/4
  1638 | D:2      | Reached skill level 4 in Axes
  2074 | D:3      | Reached XP level 5. HP: 42/46 MP: 5/5
  2309 | D:3      | Reached skill level 5 in Axes
  2792 | D:4      | Reached XP level 6. HP: 43/53 MP: 6/6
  2848 | D:4      | Noticed DEFE's ghost (amateur CeHu)
  2871 | D:4      | Reached skill level 6 in Axes
  3235 | D:4      | Slain by an ogre

Skill      XL: |  1  2  3  4  5  6 |
---------------+-------------------+-----
Axes           | 3 4 5 6 |  6.2
Fighting       | 4 |  4.4
Shields        | 4 |  4.4
Armour         | 4 |  4.2
Dodging        | |  0.4

Action                   |  1- 3 |  4- 6 || total
-------------------------+-------+-------++-------
Melee: War axe           |   143 |   170 ||   313
  Eat: Chunk             |     2 |     6 ||     8
Armor: Scale mail        |    35 |       ||    35
       Chain mail        |    30 |    86 ||   116
Dodge: Dodged            |    33 |    38 ||    71
Block: Shield            |    84 |    91 ||   175
